 Dungeon Crawl Stone Soup version 0.28-a0-1447-ga5a8893891 (webtiles) character file.

Game seed: 327083542434646531

2543 pokeman the Thaumaturge (level 9, -4/49 HPs)
             Began as a Deep Elf Hedge Wizard on Jan 10, 2022.
             Was a Follower of Vehumet.
             Slain by an Executioner (14 damage)
             ... on level 2 of the Abyss.
             The game lasted 00:16:49 (7841 turns).

pokeman the Thaumaturge (Deep Elf Hedge Wizard)     Turns: 7841, Time: 00:16:50

Health: -4/49      AC:  6    Str:  7    XL:     9   Next: 30%
Magic:  29/35      EV: 12    Int: 24    God:    Vehumet [*.....]
Gold:   315        SH:  0    Dex: 14    Spells: 19/30 levels left

rFire   . . .      SeeInvis .   z - +2 flail (venom)
rCold   . . .      Faith    .   (no shield)
rNeg    . . .      Spirit   .   f - +0 leather armour
rPois   .          Reflect  .   k - +0 helmet
rElec   .          Harm     .   y - +0 cloak
rCorr   .          Rampage  .   (no gloves)
Will    .....                   d - +0 pair of boots
Stlth   ++........              B - amulet of regeneration
HPRegen 0.96/turn               g - ring of magical power
MPRegen 0.24/turn               (no ring)

@: no status effects
A: no striking features
a: Renounce Religion


You were on level 2 of the Abyss.
You worshipped Vehumet.
Vehumet was aware of your devotion.
You visited 2 branches of the dungeon, and saw 8 of its levels.
You visited the Abyss 1 time.

You collected 315 gold pieces.

Inventory:

Hand Weapons
 o - a +2 whip of electrocution
 w - a +0 longbow
 z - a +2 flail of venom (weapon)
Missiles
 b - 60 bolts
 e - 79 arrows
Armour
 d - a +0 pair of boots (worn)
 f - a +0 leather armour (worn)
 k - a +0 helmet (worn)
 t - a scarf of harm
 y - a +0 cloak (worn)
Jewellery
 g - a ring of magical power (left hand)
 B - an amulet of regeneration (around neck)
Wands
 p - a wand of paralysis (2)
Scrolls
 h - 3 scrolls of identify {unknown}
 i - 2 scrolls of fear {unknown}
 j - 2 scrolls of magic mapping {unknown}
 l - 2 scrolls of amnesia {unknown}
 n - a scroll of blinking {unknown}
 q - 3 scrolls of enchant weapon {unknown}
 u - a scroll of immolation {unknown}
 v - a scroll of summoning {unknown}
Potions
 c - a potion of degeneration {unknown}
 m - 2 potions of cancellation {unknown}
 r - 3 potions of curing {unknown}
 s - a potion of invisibility {unknown}
 x - 2 potions of magic {unknown}
 A - a potion of haste
 C - a potion of lignification {unknown}
 D - a potion of attraction {unknown}


   Skills:
 + Level 2.7 Fighting
 - Level 3.0 Armour
 - Level 3.0 Dodging
 - Level 3.0 Stealth
 * Level 11.3 Spellcasting
 + Level 6.1 Conjurations
 - Level 1.1 Summonings
 - Level 1.1 Translocations
 + Level 5.3 Fire Magic
 - Level 1.0 Air Magic
 - Level 1.0 Poison Magic
 - Level 1.0 Evocations


You had 19 spell levels left.
You knew the following spells:

 Your Spells              Type           Power      Damage    Failure   Level
a - Magic Dart            Conj           100%       1d8       1%          1
b - Mephitic Cloud        Conj/Pois/Air  26%        N/A       7%          3
c - Call Imp              Summ           18%        N/A       6%          2
d - Blink                 Tloc           36%        N/A       6%          2
e - Conjure Flame         Conj/Fire      41%        6-21      1%          3

Your spell library contained the following spells:

 Spells                   Type           Power      Damage    Failure   Level
 Freeze                   Ice            52%        1d7       7%          1
 Slow                     Hex            52%        N/A       7%          1
 Ozocubu's Armour         Ice            13%        N/A       21%         3
 Summon Ice Beast         Ice/Summ       16%        N/A       47%         4
 Summon Mana Viper        Hex/Summ       16%        N/A       83%         5
 Monstrous Menagerie      Summ           9%         N/A       100%        7
 Ozocubu's Refrigeration  Ice            6%         4d6       100%        7


Dungeon Overview and Level Annotations

Branches:
Dungeon (7/15)             Temple (1/1) D:5

Altars:
Ashenzari
Cheibriados
Dithmenos
Fedhas
Gozag
Kikubaaqudgha
Makhleb
Nemelex Xobeh
Okawaru
Qazlal
Ru
Sif Muna
Trog
Uskayaw
Vehumet
Wu Jian
Xom
Yredelemnul
Zin
The Shining One


Message History

Press: ? - help, Shift-Dir - straight line, f/p - fire bat
Aim: a fire bat (severely wounded, 100% to hit)
The magic dart hits the fire bat.
The fire bat is severely wounded.
The fire bat bites you but does no damage. x2
Casting: Magic Dart (safe; 1% risk of failure)
Confirm with . or Enter, or press ? or * to list all spells.
Aiming: Magic Dart (safe; 1% risk of failure)
Press: ? - help, Shift-Dir - straight line, f/p - fire bat
Aim: a fire bat (severely wounded, 100% to hit)
The magic dart hits the fire bat.
The fire bat is almost dead.
The fire bat bites you but does no damage.
Casting: Magic Dart (safe; 1% risk of failure)
Confirm with . or Enter, or press ? or * to list all spells.
Aiming: Magic Dart (safe; 1% risk of failure)
Press: ? - help, Shift-Dir - straight line, f/p - fire bat
Aim: a fire bat (almost dead, 100% to hit)
The magic dart hits the fire bat.
You kill the fire bat!
That felt strangely unrewarding.
Vehumet accepts your kill.
The Executioner gives a hideous shriek!
The Executioner gestures.
The Executioner seems to speed up.
Tentacles burst from the starspawn's body! 2 starspawn tentacles come into view.
The Executioner gives a hideous shriek!
The Executioner barely misses you. The Executioner hits you.
The Executioner hits you but does no damage.
The Executioner hits you! x2
* * * LOW HITPOINT WARNING * * *
The Executioner hits you but does no damage.
You barely miss the Executioner. The Executioner barely misses you.
The Executioner hits you.
* * * LOW HITPOINT WARNING * * *
The Executioner hits you.
* * * LOW HITPOINT WARNING * * *
The Executioner hits you!
You die...

#. .. ##.# . ...
.# ..###
..§.....#.##
........#..####
..§.....# .#..#
......1...##.##
.........##@##
.........#..1##
...## .#.....##
....##.#####...#.
.. ....§.# #.....
.........#.#...#.#
.
......#...#.....#
........#....# ..#
.........#.#.#..#


You could see an Executioner (fast).

Vanquished Creatures
  Sigmund (D:6)
  A steam dragon (D:6)
  Eustachio (D:4)
  2 fire bats (Abyss:2)
  Menkaure (D:6)
  Edmund (D:6)
  A black bear (D:6)
  A sky beast (D:5)
  2 ogres
  3 phantoms
  2 bullfrogs
  4 scorpions
  2 water moccasin zombies
  2 howler monkeys
  A bullfrog zombie (D:6)
  2 centaur zombies (D:6)
  4 hounds (D:5)
  A bullfrog skeleton (D:5)
  An orc priest (D:5)
  2 centaur skeletons
  An iguana (D:4)
  3 orc wizards (D:5)
  3 hound zombies
  2 hound skeletons
  7 gnolls
  A howler monkey skeleton (D:4)
  6 adders
  A shadow imp (D:5)
  An adder skeleton (D:3)
  A worm (D:2)
  2 dart slugs (D:1)
  18 orcs
  4 endoplasms
  7 giant cockroaches
  7 goblins
  7 hobgoblins
  4 jackals
  6 quokkas
  6 ball pythons
  4 bats (D:2)
  3 frilled lizards
  8 kobolds
  3 rats
  A spectral orc (D:3)
141 creatures vanquished.

Vanquished Creatures (others)
  An orc (D:3)
  2 starspawn tentacles (Abyss:2)
  3 withered plants (D:3)
6 creatures vanquished.

Grand Total: 147 creatures vanquished

Notes
Turn   | Place    | Note
-------+----------+-------------------------------------------
     0 | D:1      | pokeman the Deep Elf Hedge Wizard began the quest for the
                  | Orb.
     0 | D:1      | Reached XP level 1. HP: 10/10 MP: 7/7
   413 | D:1      | Reached XP level 2. HP: 14/15 MP: 4/9
   662 | D:1      | Found a faded altar of an unknown god.
   919 | D:1      | Reached skill level 5 in Spellcasting
  1574 | D:2      | Reached XP level 3. HP: 15/20 MP: 11/11
  1578 | D:2      | Learned a level 3 spell: Mephitic Cloud
  1581 | D:2      | Learned a level 2 spell: Call Imp
  1584 | D:2      | Learned a level 2 spell: Blink
  1588 | D:2      | Learned a level 3 spell: Conjure Flame
  2257 | D:2      | Reached skill level 1 in Fighting
  2257 | D:2      | Reached skill level 1 in Armour
  2760 | D:2      | Reached XP level 4. HP: 21/25 MP: 13/13
  3008 | D:3      | Reached skill level 1 in Fire Magic
  3358 | D:3      | Reached skill level 6 in Spellcasting
  3358 | D:3      | Reached XP level 5. HP: 23/29 MP: 10/15
  3621 | D:3      | Found a stormy altar of Qazlal.
  3828 | D:3      | Found a basalt altar of Yredelemnul.
  4072 | D:4      | Reached skill level 1 in Air Magic
  4153 | D:4      | Reached XP level 6. HP: 19/34 MP: 16/17
  4317 | D:4      | Reached skill level 7 in Spellcasting
  4317 | D:4      | Reached skill level 1 in Poison Magic
  4421 | D:4      | Reached skill level 1 in Evocations
  5145 | D:4      | Reached XP level 7. HP: 38/38 MP: 15/20
  5241 | D:5      | Entered Level 5 of the Dungeon
  5241 | D:5      | Noticed Eustachio
  5259 | D:4      | Killed Eustachio
  5260 | D:4      | Reached skill level 8 in Spellcasting
  5390 | D:5      | Found a staircase to the Ecumenical Temple.
  5416 | Temple   | Entered the Ecumenical Temple
  5422 | Temple   | Became a worshipper of Vehumet
  5768 | D:5      | Reached XP level 8. HP: 40/44 MP: 7/22
  5958 | D:5      | Reached skill level 9 in Spellcasting
  6199 | D:5      | Reached skill level 5 in Conjurations
  6293 | D:5      | Reached * piety under Vehumet
  6293 | D:5      | Offered knowledge of Freeze by Vehumet.
  6756 | D:6      | Reached skill level 10 in Spellcasting
  6886 | D:6      | Noticed Menkaure
  6899 | D:6      | Killed Menkaure
  6988 | D:6      | Reached XP level 9. HP: 47/48 MP: 25/25
  7067 | D:6      | Noticed Sigmund
  7069 | D:6      | Noticed Edmund
  7078 | D:6      | Killed Sigmund
  7080 | D:6      | Killed Edmund
  7081 | D:6      | Reached skill level 11 in Spellcasting
  7081 | D:6      | Reached skill level 5 in Fire Magic
  7644 | D:7      | Noticed a wizard
  7645 | D:7      | Cast into level 2 of the Abyss (a wizard)
  7678 | Abyss:2  | Noticed a starcursed mass
  7716 | Abyss:2  | Noticed a green death
  7720 | Abyss:2  | Noticed an ancient zyme
  7757 | Abyss:2  | Noticed a thrashing horror
  7797 | Abyss:2  | Noticed a meliai
  7833 | Abyss:2  | Noticed a tentacled starspawn
  7833 | Abyss:2  | Noticed an Executioner
  7841 | Abyss:2  | Slain by an Executioner

Illustrated notes

Levels and vault maps discovered:
D:1:      minmay_arrival_diagonal_passages, layout_basic,
          ebering_ecumenical_altar_rust, minmay_pentomino_o2
D:2:      layout_loops_corners, kennysheep_decorative_pillar,
          minmay_goblin_kobold_house
D:3:      layout_rooms, yredelemnul_forgotten_temple_becter,
          grunt_qazlal_clouds, serial_undead, serial_undead_b, serial_undead_c,
          serial_undead_e, serial_undead_c, serial_undead_c, serial_undead_b
D:4:      layout_basic, st_stairs_6
D:5:      layout_basic, minmay_temple_entry_statues_fountains, uniq_eustachio
D:6:      layout_gridville, sigmund_edmund_badplayer, uniq_menkaure
D:7:      minmay_the_grid_plus [minmay_the_grid_doors, minmay_the_grid_tri_star,
          minmay_the_grid_pillar_ring, minmay_the_grid_mess,
          minmay_the_grid_prize_big_room], layout_cave_pools,
          minmay_shop_damaged
Temple:   nicolae_temple_no_exploring_needed
Abyss:2:  base: D:1, evilmike_abyss_exit_kraken, hangedman_abyss_sting,
          evilmike_abyss_exit_mutagenic

Skill      XL: |  1  2  3  4  5  6  7  8  9 |
---------------+----------------------------+-----
Spellcasting   | 5 6 7 8 10 11 | 11.3
Fighting       | 1 2 |  2.7
Armour         | 1 3 |  3.0
Conjurations   | 2 3 4 5 6 |  6.1
Fire Magic     | 1 2 3 4 5 |  5.3
Dodging        | 3 |  3.0
Stealth        | 3 |  3.0
Air Magic      | 1 |  1.0
Poison Magic   | 1 |  1.0
Evocations     | 1 |  1.0
Summonings     | |  1.1
Translocations | |  1.1

Action                   |  1- 3 |  4- 6 |  7- 9 || total
-------------------------+-------+-------+-------++-------
Melee: Dagger            |     1 |     5 |       ||     6
       Whip              |       |    14 |    15 ||    29
       Flail             |       |       |    38 ||    38
       Punch             |       |       |     1 ||     1
 Cast: Magic Dart        |   109 |   123 |   171 ||   403
       Conjure Flame     |       |     4 |    12 ||    16
       Blink             |       |     3 |     3 ||     6
       Call Imp          |       |     2 |       ||     2
       Mephitic Cloud    |       |     5 |    14 ||    19
  Use: Scroll            |       |       |     2 ||     2
 Stab: Sleeping          |     1 |       |       ||     1
       Confused          |       |     1 |     3 ||     4
Armor: Leather armour    |     9 |     9 |    57 ||    75
Dodge: Dodged            |     6 |    25 |    73 ||   104

Table legend: (Time is in decaauts)
 A = Elapsed time spent in this place.
 B = Non-inter-level travel time spent in this place.
 C = Inter-level travel time spent in this place.
 D = Time resting spent in this place.
 E = Time spent auto-exploring this place.
 F = Levels seen in this place.
 G = Mean time per level.
                   A        B        C        D        E       F      G
               +--------+--------+--------+--------+--------+-----+--------+
         Total |   7858 |   7636 |    222 |    644 |   5767 |   9 |  873.1 |
       Dungeon |   7506 |   7294 |    212 |    468 |   5767 |   7 | 1072.3 |
        Temple |    156 |    146 |     10 |    144 |      0 |   1 |  156.0 |
         Abyss |    195 |    195 |      0 |     32 |      0 |   1 |  195.0 |
               +--------+--------+--------+--------+--------+-----+--------+

Top non-repeatable levels by time:
     D:2: 1590 daAuts
     D:1: 1565 daAuts
     D:4: 1320 daAuts
     D:6: 1103 daAuts
     D:5: 984 daAuts
     D:3: 907 daAuts
 Abyss:2: 195 daAuts
  Temple: 156 daAuts
     D:7: 33 daAuts
